AoeStats
← FreezeFrost

Arabia

508210095Analyzed
2v2 RM · 10d ago on Sep 21, 2026· 25m 56s· 4 players
Game mode
Random Map
Map size
Medium (4 player)
Population
200
Speed
Normal
Resources
Standard
Victory
Conquest
Starting age
Dark Age
Ending age
Imperial Age
RankedLock teamsTeams togetherTeam positionsShared explorationLock speedFull tech treeHidden civsTurbo modeCheats
Victory
Defeat
🇩🇪 Franks · Germany
933
+14
🇩🇪 Saracens · Germany
932
+14
🇫🇷 Sicilians · France
895
-23
🇫🇷 Cumans · France
892
-23
Pollux
9:20 Feudal Age
10:09 Double-Bit Axe
14:23 Fletching
17:32 Padded Archer Armor
23:46 Castle Age
25:10 Forging
25:05 Scale Barding Armor
Patapouf
10:02 Loom
12:06 Feudal Age
18:07 Scale Mail Armor
26:43 Castle Age
geeSportz
3:17 Loom
10:24 Feudal Age
17:07 Castle Age
15:57 Double-Bit Axe
18:47 Scale Barding Armor
26:25 Bow Saw
FreezeFrost
11:24 Feudal Age
12:21 Double-Bit Axe
14:37 Loom
15:30 Wheelbarrow
18:43 Castle Age
25:06 Forging
Connection lost

Rejoining the realm…

Still unreachable

The connection could not be restored.

Session expired

The server has moved on; the page needs a fresh start.